 Dungeon Crawl Stone Soup version 0.24.1-11-gbbbb2193e6 (webtiles) character file.

Game seed: 6187816396893577305, levelgen mode: deterministic

848 Peloso the Slasher (level 7, -8/54 HPs)
             Began as a Demonspawn Fighter on May 13, 2020.
             Shot with an arrow by a centaur (14 damage)
             ... on level 5 of the Dungeon.
             The game lasted 00:10:35 (4433 turns).

Peloso the Slasher (Demonspawn Fighter)             Turns: 4433, Time: 00:10:36

Health: -8/54      AC:  9    Str: 18    XL:     7   Next: 69%
Magic:  7/7        EV: 13    Int:  9    God:
Gold:   239        SH: 10    Dex: 18    Spells: 6/6 levels left

rFire    + + .     SeeInvis .   a - +0 long sword
rCold    x . .     Gourm    .   c - +0 shield
rNeg     . . .     Faith    .   h - +0 fire dragon scales
rPois    .         Spirit   .   (no helmet)
rElec    .         Reflect  .   (no cloak)
rCorr    .         Harm     .   (no gloves)
MR       .....                  (no boots)
Stlth    ++........             C - amulet of rage
HPRegen  0.18/turn              o - ring of wizardry
MPRegen  0.10/turn              k - ring of stealth

@: agile
A: talons 2, powered by pain 2
a: Evoke Berserk Rage


You were on level 5 of the Dungeon.
You were very hungry.

You visited 1 branch of the dungeon, and saw 5 of its levels.
You also visited: Sewer and Ossuary.

You collected 239 gold pieces.

Inventory:

Hand Weapons
 a - a +0 long sword (weapon)
 e - a +3 mace
Armour
 b - a +0 scale mail
 c - a +0 shield (worn)
 h - +0 fire dragon scales (worn)
 s - a +0 plate armour
Jewellery
 k - a ring of stealth (right hand)
 o - a ring of wizardry (left hand)
 C - an amulet of rage (around neck)
Scrolls
 p - 3 scrolls of magic mapping
 t - 2 scrolls of fear
 u - a scroll of teleportation {unknown}
 v - a scroll of fog {unknown}
 w - 2 scrolls of blinking {unknown}
 x - 2 scrolls of remove curse {unknown}
 y - a scroll of amnesia {unknown}
 z - a scroll of enchant weapon {unknown}
Potions
 d - 4 potions of might
 g - a potion of resistance
 i - 4 potions of magic
 j - 2 potions of agility
 l - 8 potions of curing {unknown}
 m - a potion of cancellation
 n - a potion of haste
 q - a potion of mutation
 r - 2 potions of heal wounds {unknown}
 A - a potion of brilliance
 B - a potion of flight {unknown}
Comestibles
 f - 9 rations


   Skills:
 + Level 4.0 Fighting
 + Level 5.6 Long Blades
 + Level 4.1 Armour
 + Level 1.5 Dodging
 + Level 0.3 Stealth
 + Level 4.5 Shields


You had 6 spell levels left.
You didn't know any spells.
Your spell library contained the following spells:

 Spells                   Type           Power        Failure   Level  Hunger
 Confusing Touch          Hex            #.....       91%         1    ##.....
 Confuse                  Hex            #.......     99%         3    ####...
 Gell's Gravitas          Tloc           #.........   99%         3    ####...
 Petrify                  Tmut/Erth      #.......     100%        4    #####..
 Metabolic Englaciation   Hex/Ice        #.........   100%        5    ######.
 Yara's Violent Unravell  Hex/Tmut       #.........   100%        5    ######.


Dungeon Overview and Level Annotations

Branches:
Dungeon (5/15)              Sewer (visited)         Ossuary (visited)
 Temple: D:4-7

Altars:
Cheibriados
Fedhas
Qazlal


Innate Abilities, Weirdness & Mutations

You have razor-sharp toenails.
You sometimes gain power by taking damage.


Message History

A phantom comes into view.
The centaur hits you.
The centaur shoots an arrow.
The arrow hits you!
You hit the centaur.
You kill the centaur!
Your Fighting skill increases to level 4!
The centaur shoots an arrow.
The arrow hits you.
* * * LOW HITPOINT WARNING * * *
The centaur shoots an arrow.
You block the arrow.
Things that are here:
a +0 shortbow; 7 arrows; a centaur corpse Unknown command.
The centaur shoots an arrow.
The arrow barely misses you. You block the ooze's attack.
You see here an arrow.
The centaur shoots an arrow.
You block the arrow.
The centaur shoots an arrow.
The arrow hits you!
* * * LOW HITPOINT WARNING * * *
You see here 2 arrows.
The centaur shoots an arrow.
The arrow hits you!
You die...

...........P.
#..............
#.......c.#...##
##.#...W.# .....
#...#....##.....
#....(...#....#
......#)J.....#
....#####(....######
#........@.....#.... #
....#...#$......# .
........#....#### ..#
....#.#.#...######...#
........#...###....#
###..#..#.......##
#..............#
##...#..####..## #
.###.####....#


You could see a phantom, a centaur and an ooze.

Vanquished Creatures
  An ogre (D:4)
  A centaur (D:5)
  2 bullfrogs (Sewer)
  2 scorpions (D:4)
  An orc priest (D:5)
  A hound (D:4)
  2 orc wizards (D:4)
  3 big kobold zombies (Ossuary)
  2 mummies (Ossuary)
  7 adders
  6 river rats (Sewer)
  An ooze (Sewer)
  7 adder zombies (Ossuary)
  3 worms
  5 dart slugs
  2 leopard geckos
  3 orcs
  5 giant cockroaches
  5 gnoll zombies (Ossuary)
  13 goblins
  2 hobgoblins
  4 jackals
  12 ball pythons
  7 bats
  6 frilled lizards
  6 hobgoblin zombies (Ossuary)
  4 kobolds
  3 kobold zombies (Ossuary)
  3 orc zombies (Ossuary)
  26 rats
145 creatures vanquished.

Notes
Turn   | Place    | Note
-------+----------+-------------------------------------------
     0 | D:1      | Peloso the Demonspawn Fighter began the quest for the Orb.
     0 | D:1      | Reached XP level 1. HP: 18/18 MP: 1/1
    98 | D:1      | Gained mutation: You sometimes gain a little power by
                  | taking damage. [demonic ancestry]
    98 | D:1      | Reached XP level 2. HP: 16/24 MP: 2/2
   134 | D:1      | Reached skill level 2 in Long Blades
   777 | D:2      | Reached XP level 3. HP: 22/29 MP: 3/3
  1181 | D:2      | Gained mutation: You have sharp toenails. [demonic
                  | ancestry]
  1181 | D:2      | Reached XP level 4. HP: 29/35 MP: 4/4
  1467 | D:3      | Found a glowing drain.
  1518 | Sewer    | Entered a sewer
  1632 | Sewer    | Reached skill level 3 in Long Blades
  1896 | Sewer    | Gained mutation: You sometimes gain power by taking damage.
                  | [demonic ancestry]
  1896 | Sewer    | Reached XP level 5. HP: 41/41 MP: 5/5
  2595 | Sewer    | Reached skill level 1 in Dodging
  2597 | Sewer    | Reached XP level 6. HP: 11/48 MP: 6/6
  2998 | D:3      | Found a snail-covered altar of Cheibriados.
  3206 | D:3      | Found a stormy altar of Qazlal.
  3403 | D:4      | Reached skill level 4 in Long Blades
  3407 | D:4      | Found a sand-covered staircase.
  3418 | Ossuary  | Entered an ossuary
  3656 | Ossuary  | Gained mutation: You have razor-sharp toenails. [demonic
                  | ancestry]
  3656 | Ossuary  | Reached XP level 7. HP: 47/53 MP: 7/7
  3933 | D:4      | Reached skill level 5 in Long Blades
  4037 | D:5      | Entered Level 5 of the Dungeon
  4068 | D:5      | HP: 2/53 [orc priest/divine providence (13)]
  4424 | D:5      | Found a blossoming altar of Fedhas.
  4433 | D:5      | Shot with an arrow by a centaur

Levels and vault maps discovered:
D:1:      dpeg_arrival_tiny_b, layout_basic, hangedman_decor_growths
D:2:      layout_loops_ring
D:3:      layout_basic, kennysheep_slug_shrine, cheibrodos_sewer_entry_sluice,
          first_ration, grunt_qazlal_clouds
D:4:      layout_rooms, enter_ossuary_1
D:5:      lemuel_castle_with_subvaults [lemuel_castle_interior_carwin_1],
          layout_cave_pools, fedhas_altar_1, minmay_misc_feat_ornament,
          hangedman_decor_lopped

Skill      XL: |  1  2  3  4  5  6  7 |
---------------+----------------------+-----
Long Blades    | 2 3 4 5 |  5.6
Armour         | 3 4 |  4.1
Shields        | 3 4 |  4.5
Dodging        | 1 |  1.5
Fighting       | 4 |  4.0
Stealth        | |  0.3

Action                   |  1- 3 |  4- 6 |  7- 9 || total
-------------------------+-------+-------+-------++-------
Melee: Long sword        |   104 |   302 |    37 ||   443
       Kick              |       |    76 |    20 ||    96
  Use: Scroll            |     1 |     2 |     6 ||     9
       Potion            |       |     1 |       ||     1
  Eat: Chunk             |       |     8 |       ||     8
       Ration            |       |       |     1 ||     1
Armor: Scale mail        |    47 |       |       ||    47
       Fire dragon scale |    21 |   218 |    17 ||   256
Dodge: Dodged            |    35 |    94 |    17 ||   146
Block: Shield            |    63 |   206 |    21 ||   290
       Rpst.: Long sword |    14 |    27 |     2 ||    43
